 Dungeon Crawl Stone Soup version 0.31.0-32-g396128a36d (webtiles) character file.

Game seed: 10543151534490689121

146 Zeor the Gusty (level 5, 0/40 HPs)
             Began as a Tengu Air Elementalist on Apr 18, 2024.
             Slain by Terence
             ... wielding a +5 trident of venom
              (10 damage)
             ... on level 3 of the Dungeon.
             The game lasted 00:08:56 (3391 turns).

Zeor the Gusty (Tengu Air Elementalist)             Turns: 3391, Time: 00:08:57

Health: 0/40       AC: 22    Str:  9    XL:     5   Next: 28%
Magic:  6/11       EV:  2    Int: 17    God:
Gold:   57         SH:  5    Dex: 14    Spells: 1/11 levels left

rFire   . . .        g - +1 dagger
rCold   . . .        (no shield)
rNeg    . . .        a - melded +0 robe
rPois   +            (helmet currently unavailable)
rElec   .            (cloak currently unavailable)
rCorr   .            n - melded +0 pair of gloves
SInv    .            (boots unavailable)
Will    +....        m - amulet of reflection
Stlth   ++           i - ring of willpower
HPRegen 0.26/turn    j - ring of poison resistance
MPRegen 0.12/turn

%: reflection, acrobat
@: tree-form
A: stationary, stasis, torment immunity, boosted hp, (beak), (talons 3),
acrobatic, frail 1
a: no special abilities


You were on level 3 of the Dungeon.
You were a tree.
You visited 1 branch of the dungeon, and saw 3 of its levels.

You collected 112 gold pieces.
You spent 55 gold pieces at shops.

Inventory:

Hand Weapons
 g - a +1 dagger (weapon)
Armour
 a - a +0 robe (melded)
 n - a +0 pair of gloves (melded)
Jewellery
 i - a ring of willpower (left branch)
 j - a ring of poison resistance (right branch)
 m - an amulet of reflection (around neck)
Scrolls
 e - 2 scrolls of teleportation
 k - a scroll of fog
Potions
 b - 2 potions of magic
 c - 3 potions of curing
 f - a potion of heal wounds


   Skills:
 * Level 2.0 Fighting
 + Level 0.3 Short Blades
 * Level 2.7 Dodging
 + Level 2.3 Stealth
 * Level 3.5 Spellcasting
 + Level 1.9 Conjurations
 * Level 4.5 Air Magic


You had one spell level left.
You knew the following spells:

 Your Spells              Type           Power      Damage    Failure   Level
a - Airstrike             Air            9%         2d(2-18)  26%         4
d - Static Discharge      Conj/Air       28%        3-5/arc   7%          2
s - Swiftness             Air            18%        N/A       8%          3
z - Shock                 Conj/Air       56%        1d6       4%          1

Your spell library contained the following spells:

 Spells                   Type           Power      Damage    Failure   Level
 Ensorcelled Hibernation  Hex/Ice        6%         N/A       26%         2
 Passwall                 Erth           3%         N/A       45%         3


Dungeon Overview and Level Annotations

Branches:
Dungeon (3/15)

Altars:
Sif Muna

Shops:
D:1 *[(*

Annotations:
D:3 Terence


Innate Abilities, Weirdness & Mutations

You are a tree.
Your roots penetrate the ground, keeping you stationary.
You cannot be teleported.
You are immune to unholy pain and torment.
Your maximum health is greatly increased.
Your equipment is partially melded.
((You have a beak for a mouth.))
((You have claws for feet.))
You can magically evade attacks while moving or waiting.
You are frail. (-10% HP)


Message History

You feel very sick. Terence completely misses you.
You feel much better.
You feel sick.
Terence hits you with a +5 trident of venom!
It was a potion of cancellation.
You feel magically purged.
Your magical contamination has completely faded away.
You feel sick. You block Terence's attack.
It was a potion of lignification.
You turn into a tree.
Your +0 pair of gloves melds into your body.
Your +0 robe melds into your body.
Your roots penetrate the ground.
You feel sick. Terence hits you but does no damage.
It was a potion of mutation.
You feel extremely strange.
You feel frail.
You feel sick. Terence completely misses you.
You hit Terence but do no damage.
Terence is lightly wounded.
You feel sick.
Terence hits you with a +5 trident of venom.
You hit Terence but do no damage.
Terence is lightly wounded.
You feel sick. You block Terence's attack.
You are too injured to fight recklessly!
You hit Terence but do no damage.
Terence is lightly wounded.
You feel sick.
Terence hits you with a +5 trident of venom.
* * * LOW HITPOINT WARNING * * *
You hit Terence but do no damage.
Terence is lightly wounded.
You feel sick. You block Terence's attack.
You closely miss Terence.
Terence is lightly wounded.
You feel sick.
You are no longer poisoned.
Terence hits you but does no damage.
You hit Terence but do no damage.
Terence is lightly wounded.
Terence hits you with a +5 trident of venom!
You die...
Terence says, "That felt goooood."

∙∙∙∙∙∙▒∙▒▒▒▒▒▒▒▒
▒▒▒▒∙∙▒∙∙∙∙∙▒ ▒
▒∙∙▒▒∙∙∙>▒ ▒
▒▒∙∙▒▒∙∙∙∙▒ ▒
▒∙∙∙∙∙∙∙∙∙▒ ▒
▒∙∙∙▒▒∙∙∙∙▒
▒▒▒∙∙∙▒▒∙∙∙∙▒▒▒▒▒▒▒▒
∙∙∙∙∙∙▒▒▒▒∙▒∙∙∙@∙▒∙▒
▒▒▒∙▒▒▒ ▒∙∙∙∙∙∙♣∙∙▒
▒∙▒ ▒▒▒▒▒∙▒▒▒▒▒
▒▒▒∙▒▒▒ ▒∙▒ ∙∙∙∙∙∙▒
▒∙▒ ▒▒∙∙▒∙▒ ▒■▒
▒▒∙▒▒∙▒ ∙∙∙∙∙∙▒
▒▒∙▒∙▒▒ ▒▒∙∙∙∙▒▒▒▒


You could see Terence.

Vanquished Creatures
  A sleepcap (D:3)
  8 adders
  A dart slug (D:3)
  A ribbon worm (D:2)
  3 orcs (D:3)
  6 bats
  3 endoplasms
  A giant cockroach (D:2)
  3 goblins
  A hobgoblin (D:1)
  2 jackals (D:3)
  2 kobolds (D:2)
  2 quokkas
  4 ball pythons
  5 rats
43 creatures vanquished.

Notes
Turn   | Place    | Note
-------+----------+-------------------------------------------
     0 | D:1      | Zeor the Tengu Air Elementalist began the quest for the
                  | Orb.
     0 | D:1      | Reached XP level 1. HP: 10/10 MP: 4/4
    62 | D:1      | Found Bafal's General Store.
   121 | D:1      | Found Edoofiug's Weapon Boutique.
   296 | D:1      | Found Ulofuf's Antique Armour Shop.
   508 | D:1      | Reached XP level 2. HP: 15/15 MP: 6/6
   753 | D:1      | Learned a level 2 spell: Static Discharge
   963 | D:1      | Found Jaeggodgh's General Store.
  1168 | D:2      | Reached skill level 1 in Fighting
  1168 | D:2      | Reached XP level 3. HP: 12/20 MP: 1/8
  1205 | D:2      | Learned a level 3 spell: Swiftness
  1247 | D:2      | Found a shimmering blue altar of Sif Muna.
  1716 | D:2      | Reached XP level 4. HP: 25/25 MP: 9/9
  1923 | D:1      | Bought a potion of heal wounds for 55 gold pieces
  2505 | D:3      | Reached XP level 5. HP: 12/30 MP: 1/11
  2664 | D:3      | Learned a level 4 spell: Airstrike
  3325 | D:3      | Noticed Terence
  3385 | D:3      | Gained mutation: You are frail. (-10% HP) [potion of
                  | mutation]
  3391 | D:3      | Slain by Terence

Illustrated notes

Levels and vault maps discovered:
D:1:      moated_graveyard_arrival, layout_basic, serial_shops,
          nicolae_shop_gibbet_a_chance, shop, shop,
          nicolae_shop_advertising_works [nicolae_subvault_shop_adworks],
          minivault_5
D:2:      layout_basic, basic_altar, corner_web_ring, nicolae_half_adder
D:3:      layout_loops_corners, lemuel_coloured_pillars_altar, uniq_terence,
          uniq_grinder

Skill      XL: |  1  2  3  4  5 |
---------------+----------------+-----
Fighting       | 1 2 |  2.0
Spellcasting   | 3 |  3.5
Short Blades   | |  0.3
Dodging        | |  2.7
Stealth        | |  2.3
Conjurations   | |  1.9
Air Magic      | |  4.5

Action                     |  1- 3 |  4- 6 || total
---------------------------+-------+-------++-------
  Melee: Dagger            |    12 |    32 ||    44
         Kick              |     1 |     6 ||     7
         Peck              |     1 |     4 ||     5
         Unarmed           |     1 |       ||     1
         Punch             |       |     1 ||     1
   Cast: Shock             |    23 |    32 ||    55
         Static Discharge  |     5 |    11 ||    16
    Use: Scroll            |     7 |     1 ||     8
         Potion            |       |     4 ||     4
   Stab: Sleeping          |     5 |     1 ||     6
 Armour: Robe              |    14 |    28 ||    42
         Skin              |       |     5 ||     5
  Dodge: Dodged            |     7 |    35 ||    42
  Block: Other             |       |     3 ||     3
